 Dungeon Crawl Stone Soup version 0.28-a0-1518-gbe868bca14 (webtiles) character file.

Game seed: 7013641261895559636

2861 Nattfarinn the Fighter (level 9, 0/60 HPs)
             Began as a Gargoyle Fighter on Jan 17, 2022.
             Slain by an orc (1 damage)
             ... in a bailey.
             The game lasted 00:15:10 (9771 turns).

Nattfarinn the Fighter (Gargoyle Fighter)           Turns: 9771, Time: 00:15:10

Health: 0/60       AC: 19    Str: 24    XL:     9   Next: 75%
Magic:  9/9        EV:  9    Int: 15    God:
Gold:   397        SH:  0    Dex:  9    Spells: 8/8 levels left

rFire   . . .      SeeInvis .   B - +2 flail (holy)
rCold   . . .      Faith    .   c - +0 buckler
rNeg    + . .      Spirit   .   b - +0 scale mail
rPois   ∞          Reflect  .   D - +0 helmet
rElec   +          Harm     .   (no cloak)
rCorr   .          Rampage  .   (no gloves)
Will    +....                   e - +0 pair of boots
Stlth   ..........              (no amulet)
HPRegen 1.00/turn               g - +6 ring of intelligence
MPRegen 0.11/turn               C - ring of willpower

@: confused, ambrosia-drunk
A: sickness immunity, AC +6, negative energy resistance 1, electricity
resistance, torment resistance 1, petrification resistance, iridescent scales 1,
regeneration 1
a: no special abilities


You were in a bailey.
You visited 2 branches of the dungeon, and saw 9 of its levels.
You also visited: Bailey.

You collected 397 gold pieces.

Inventory:

Hand Weapons
 a - a +0 flail
 m - a +1 vorpal mace
 r - a +1 whip of venom
 B - a +2 flail of holy wrath (weapon)
Missiles
 j - 3 throwing nets
 l - 9 javelins (quivered)
 y - 6 atropa-tipped darts
Armour
 b - a +0 scale mail (worn)
 c - a +0 buckler (worn)
 e - a +0 pair of boots (worn)
 D - a +0 helmet (worn)
Jewellery
 g - a +6 ring of intelligence (left hand)
 C - a ring of willpower (right hand)
Wands
 n - a wand of flame (1)
 z - a wand of polymorph (2)
 E - a wand of acid (10)
Scrolls
 f - 3 scrolls of vulnerability
 k - a scroll of fear {unknown}
 o - a scroll of enchant weapon {unknown}
 s - a scroll of fog {unknown}
 t - a scroll of magic mapping
 u - 3 scrolls of amnesia {unknown}
 w - a scroll of acquirement {unknown}
 x - a scroll of teleportation {unknown}
 A - a scroll of holy word
 G - a scroll of noise {unknown}
Potions
 d - 2 potions of might
 h - a potion of berserk rage
 i - a potion of degeneration {unknown}
 p - a potion of curing
 q - a potion of lignification {unknown}
 v - a potion of mutation
 H - a potion of brilliance {unknown}
 I - a potion of cancellation {unknown}


   Skills:
 * Level 9.0 Fighting
 + Level 5.6 Maces & Flails
 * Level 9.0 Armour
 + Level 6.8 Shields


You had 8 spell levels left.
You didn't know any spells.
Your spell library contained the following spells:

 Spells                   Type           Power      Damage    Failure   Level
 Animate Skeleton         Necr           0%         N/A       58%         1
 Pain                     Necr           0%         1d4       58%         1
 Sandblast                Erth           0%         2d4       58%         1
 Ensorcelled Hibernation  Hex/Ice        0%         N/A       73%         2
 Passwall                 Tmut/Erth      0%         N/A       73%         2
 Ozocubu's Armour         Ice            0%         N/A       91%         3
 Spider Form              Tmut/Pois      0%         N/A       91%         3
 Stone Arrow              Conj/Erth      0%         3d7       91%         3
 Summon Guardian Golem    Hex/Summ       0%         N/A       91%         3
 Vampiric Draining        Necr           0%         2d6       91%         3
 Anguish                  Hex/Necr       0%         N/A       100%        4
 Orb of Destruction       Conj           0%         9d5       100%        7
 Ozocubu's Refrigeration  Ice            0%         4d5       100%        7
 Spellforged Servitor     Conj/Summ      0%         N/A       100%        7


Dungeon Overview and Level Annotations

Branches:
Dungeon (8/15)             Temple (1/1) D:6          Bailey (1/1)
   Lair: D:8-11

Altars:
Ashenzari
Cheibriados
Dithmenos
Elyvilon
Fedhas
Gozag
Hepliaklqana
Kikubaaqudgha
Makhleb
Qazlal
Ru
Sif Muna
Uskayaw
Vehumet
Wu Jian
Xom
Yredelemnul
Zin
The Shining One

Shops:
D:2 (

Annotations:
D:4 3 runed translucent doors, stripedtigrrr's ghost, amateur OpDe


Innate Abilities, Weirdness & Mutations

You are immune to sickness and miasma.
Your stone body is resilient. (AC +6)
You are immune to poison.
You resist negative energy. (rN+)
You are resistant to electric shocks. (rElec)
You are resistant to unholy torment.
You are immune to petrification.
You are partially covered in iridescent scales. (AC +2)
Your natural rate of healing is unusually fast.


Message History

The orc warrior hits you but does no damage. x2
An orc warrior comes into view. It is wielding a +0 glaive.
The orc barely misses you.
Things that are here:
a +0 halberd; a +0 ring mail; an orc corpse The orc warrior shouts!
You hit the orc but do no damage. The orc hits you but does no damage.
You block the orc warrior's attack.
The orc warrior hits you from afar with a +0 halberd.
The orc completely misses you.
You completely miss the orc. You block the orc's attack.
The orc warrior hits you from afar with a +0 halberd!
The orc hits you but does no damage.
The orc warrior hits you from afar with a +0 halberd!
You hit the orc.
The orc is heavily wounded.
The orc hits you but does no damage.
The orc warrior hits you but does no damage.
The orc warrior hits you from afar with a +0 halberd!
* * * LOW HITPOINT WARNING * * *
The orc hits you but does no damage.
The orc warrior hits you but does no damage. x2
The orc hits you from afar with a +0 trident.
* * * LOW HITPOINT WARNING * * *
Unknown command.
Unknown command.
Okay, then.
It was a potion of ambrosia.
You are confused.
You feel invigorated.
The orc warrior hits you but does no damage.
The orc barely misses you. The orc warrior barely misses you.
The orc warrior hits you with a +0 spear!
* * * LOW HITPOINT WARNING * * *
The orc barely misses you.
You barely miss the orc warrior.
The orc warrior hits you from afar with a +0 halberd!
* * * LOW HITPOINT WARNING * * *
The orc hits you with a +0 spear.
You die...

####### ♣≈≈≈≈≈♣♣
♣♣≈≈≈≈≈.♣#
####..♣≈≈≈≈≈...#
########.$#..♣≈≈≈≈..♣.##
..........#...≈≈≈≈.....##
......ooo##.♣.≈≈≈≈..♣....
#)o#....≈≈≈≈.......
#8@#...######......
#.o#...............
#.)'......)........
#.o'...............
#..#...............
#8.#...######......
#..#....≈≈≈≈..♣....
...##...≈≈≈≈..♣♣...
.....#...≈≈≈≈.....##


You could see 4 orc warriors and 2 orcs.

Vanquished Creatures
  Grinder (D:3)
  Eustachio (D:5)
  Edmund (D:6)
  A water moccasin (D:7)
  2 black bears (D:7)
  2 necrophages (D:6)
  3 orc warriors
  2 ogres
  2 kobold brigands
  A bullfrog (D:6)
  A scorpion (D:6)
  2 wyvern skeletons
  A howler monkey (D:3)
  2 centaur zombies
  A bullfrog zombie (D:5)
  4 hounds
  A jelly (D:5)
  A bullfrog skeleton (D:3)
  A centaur skeleton (D:5)
  A gnoll shaman (D:7)
  3 orc priests
  Jessica (D:2)
  3 iguanas
  3 orc wizards
  7 adders
  27 gnolls
  2 white imps
  2 adder skeletons (D:4)
  2 dart slugs
  42 orcs
  7 bats
  10 endoplasms
  5 goblins
  8 hobgoblins
  15 jackals
  6 quokkas
  8 ball pythons
  5 frilled lizards
  9 kobolds
  8 rats
204 creatures vanquished.

Vanquished Creatures (others)
  A fungus (D:6)
  2 plants (D:3)
3 creatures vanquished.

Grand Total: 207 creatures vanquished

Notes
Turn   | Place    | Note
-------+----------+-------------------------------------------
     0 | D:1      | Nattfarinn the Gargoyle Fighter began the quest for the
                  | Orb.
     0 | D:1      | Reached XP level 1. HP: 14/14 MP: 1/1
   308 | D:1      | Reached XP level 2. HP: 14/19 MP: 2/2
   708 | D:1      | Reached XP level 3. HP: 21/24 MP: 3/3
  1660 | D:2      | Noticed Jessica
  1679 | D:2      | Killed Jessica
  1680 | D:2      | Reached XP level 4. HP: 14/29 MP: 4/4
  2159 | D:2      | Found Laguedum's Weapon Boutique.
  2164 | D:2      | Reached XP level 5. HP: 34/34 MP: 5/5
  3236 | D:3      | Reached XP level 6. HP: 24/40 MP: 6/6
  3383 | D:3      | Reached skill level 5 in Armour
  3515 | D:3      | Noticed Grinder
  3527 | D:3      | Killed Grinder
  3528 | D:3      | Reached skill level 5 in Fighting
  3528 | D:3      | Reached XP level 7. HP: 29/44 MP: 7/7
  3713 | D:3      | Identified the +1 robe "Riemef" {Dex+2 Slay+3}
  4360 | D:3      | Reached skill level 5 in Shields
  5244 | D:4      | Noticed stripedtigrrr's ghost (amateur OpDe)
  5338 | D:4      | Reached XP level 8. HP: 17/52 MP: 8/8
  5599 | D:4      | Found a runed translucent gate.
  5599 | D:4      | Found a runed translucent gate.
  5599 | D:4      | Found a runed translucent gate.
  5989 | D:5      | Entered Level 5 of the Dungeon
  6328 | D:5      | Noticed Eustachio
  6347 | D:5      | Killed Eustachio
  7079 | D:6      | Found a basalt altar of Yredelemnul.
  7097 | D:6      | Noticed Edmund
  7113 | D:6      | Killed Edmund
  7530 | D:6      | You fall into a shaft and drop 1 floor!
  7705 | D:6      | Reached XP level 9. HP: 59/59 MP: 9/9
  7765 | D:6      | Found a staircase to the Ecumenical Temple.
  7821 | D:6      | Reached skill level 5 in Maces & Flails
  7833 | Temple   | Entered the Ecumenical Temple
  8066 | D:6      | Found a hazy altar of Hepliaklqana.
  8069 | D:6      | Found a blossoming altar of Fedhas.
  8073 | D:6      | Found a snail-covered altar of Cheibriados.
  8074 | D:6      | Found a glowing silver altar of Zin.
  8079 | D:6      | Found a shimmering altar of Xom.
  8827 | D:7      | Found a glowing golden altar of the Shining One.
  9637 | D:8      | Gained mutation: You are partially covered in iridescent
                  | scales. (AC +2) [potion of mutation]
  9637 | D:8      | Gained mutation: Your natural rate of healing is unusually
                  | fast. [potion of mutation]
  9696 | D:8      | Found a flagged portal.
  9714 | Bailey   | Entered a bailey
  9771 | Bailey   | HP: 1/60 [orc warrior (13)]
  9771 | Bailey   | Slain by an orc

Illustrated notes

Levels and vault maps discovered:
D:1:      psy_arrival_terrarium, layout_basic, minmay_vboxes
D:2:      layout_loops_ring, serial_glass, glass_columns_a, glass_columns_c,
          serial_shops, nicolae_shop_advertising_works
          [nicolae_subvault_shop_adworks], uniq_jessica
D:3:      lemuel_castle_with_subvaults [lemuel_castle_interior_carwin_1],
          layout_loops_cross, uniq_grinder
D:4:      minmay_wonky_spiral, layout_rooms, gammafunk_ghost_split,
          kennysheep_opposing_triangles
D:5:      layout_basic, uniq_eustachio
D:6:      layout_cave_pools, minitemple, mainiacjoe_overflow_boulevard,
          minmay_temple_entry_enclosed_plants, uniq_edmund
D:7:      layout_gridville, mainiacjoe_overflow_surrounded_room
D:8:      layout_basic, mainiacjoe_overflow_divided_tiny, enter_bailey_4
Temple:   minmay_temple_bridge_abc
Bailey:   bailey_polearm_elven_captive_hellmonk, bailey

Skill      XL: |  1  2  3  4  5  6  7  8  9 |
---------------+----------------------------+-----
Armour         | 4 5 6 7 9 |  9.0
Fighting       | 4 5 6 7 9 |  9.0
Shields        | 4 5 6 |  6.8
Maces & Flails | 3 4 5 |  5.6

Action                   |  1- 3 |  4- 6 |  7- 9 || total
-------------------------+-------+-------+-------++-------
Melee: Flail             |   102 |       |   213 ||   315
       Mace              |    13 |   151 |    77 ||   241
       Whip              |       |       |   251 ||   251
Throw: Throwing net      |     1 |       |       ||     1
       Javelin           |       |       |     4 ||     4
Evoke: Wand              |       |    11 |       ||    11
  Use: Scroll            |       |       |     5 ||     5
       Potion            |       |       |     4 ||     4
Armor: Scale mail        |    71 |   116 |   367 ||   554
Dodge: Dodged            |    46 |   100 |   279 ||   425
Block: Buckler           |    29 |    42 |   160 ||   231

Table legend: (Time is in decaauts)
 A = Elapsed time spent in this place.
 B = Non-inter-level travel time spent in this place.
 C = Inter-level travel time spent in this place.
 D = Time resting spent in this place.
 E = Time spent auto-exploring this place.
 F = Levels seen in this place.
 G = Mean time per level.
                   A        B        C        D        E       F      G
               +--------+--------+--------+--------+--------+-----+--------+
         Total |   9909 |   9385 |    524 |   1220 |   6404 |  10 |  990.9 |
       Dungeon |   9644 |   9146 |    498 |   1220 |   6209 |   8 | 1205.5 |
        Temple |    205 |    179 |     26 |      0 |    174 |   1 |  205.0 |
        Bailey |     59 |     59 |      0 |      0 |     21 |   1 |   59.0 |
               +--------+--------+--------+--------+--------+-----+--------+

Top non-repeatable levels by time:
     D:3: 2211 daAuts
     D:1: 1696 daAuts
     D:6: 1181 daAuts
     D:2: 1177 daAuts
     D:7: 1153 daAuts
     D:4: 1093 daAuts
     D:5: 987 daAuts
  Temple: 205 daAuts
     D:8: 143 daAuts
  Bailey: 59 daAuts
